AoeStats
← NevErXsTop

MegaRandom

510770359Analyzed
4v4 RM · 10h ago on Oct 2, 2026· 67m 7s· 8 players
Game mode
Random Map
Map size
Large (8 player)
Population
200
Speed
Normal
Resources
Standard
Victory
Conquest
Starting age
Dark Age
Ending age
Imperial Age
RankedLock teamsTeams togetherTeam positionsShared explorationLock speedFull tech treeHidden civsTurbo modeCheats
Victory
Defeat
🇹🇼 Vietnamese · Taiwan
1310
+14
🇨🇴 Vikings · Colombia
1298
+15
🇹🇼 Varangians · Taiwan
1294
+15
🇹🇼 Spanish · Taiwan
1246
+17
🇭🇰 Spanish · Hong Kong SAR China
1302
-18
🇨🇳 Byzantines · China
1263
-15
🇨🇭 Huns · Switzerland
1253
-14
🇭🇰 Bohemians · Hong Kong SAR China
1246
-14
顶呱呱
7:12 Loom
10:15 Feudal Age
14:06 Double-Bit Axe
21:14 Wheelbarrow
26:05 Castle Age
30:38 Bow Saw
39:26 Horse Collar
42:32 Hand Cart
42:30 Fletching
44:12 Gambesons
44:27 Squires
44:13 Arson
44:32 Scale Mail Armor
45:31 Chain Mail Armor
45:27 Forging
46:50 Gold Mining
47:51 Forging
48:34 Gold Shaft Mining
48:11 Heavy Plow
54:12 Imperial Age
52:52 Iron Casting
52:14 Stone Mining
54:16 Elite Varangian Guard
59:47 Conscription
61:32 Pikeman
Pancho
7:18 Loom
9:46 Feudal Age
10:30 Double-Bit Axe
10:26 Horse Collar
16:24 Scale Barding Armor
18:22 Forging
23:45 Castle Age
22:16 Fletching
22:52 Gold Mining
25:13 Bodkin Arrow
25:22 Padded Archer Armor
26:56 Husbandry
27:23 Bow Saw
29:33 Gold Shaft Mining
29:18 Thumb Ring
32:42 Chain Barding Armor
32:37 Bloodlines
32:51 Leather Archer Armor
35:57 Imperial Age
34:55 Ballistics
36:59 Wheelbarrow
37:19 Parthian Tactics
37:03 Bracer
38:14 Two-Man Saw
38:34 Conscription
40:43 Plate Barding Armor
41:18 Chemistry
41:46 Heavy Cavalry Archer
43:43 Light Cavalry
44:30 Elite Skirmisher
46:00 Pikeman
46:41 Squires
46:41 Scale Mail Armor
47:17 Iron Casting
53:06 Chain Mail Armor
53:27 Iron Casting
北九州最強ACE
11:22 Feudal Age
15:38 Castle Age
14:46 Double-Bit Axe
16:30 Loom
17:20 Wheelbarrow
17:00 Bow Saw
17:05 Horse Collar
17:12 Horse Collar
17:24 Gold Mining
22:36 Gold Mining
25:15 Wheelbarrow
24:26 Town Watch
29:58 Inquisition
32:31 Imperial Age
31:50 Sanctity
32:16 Padded Archer Armor
35:38 Imperial Age
34:32 Inquisition
36:27 Leather Archer Armor
37:52 Ring Archer Armor
38:48 Fletching
40:55 Conscription
43:22 Supremacy
42:34 Sappers
43:00 Bodkin Arrow
43:05 Scale Mail Armor
43:16 Forging
45:34 Chemistry
44:54 Ballistics
46:40 Bombard Tower
48:22 Bracer
48:38 Chain Mail Armor
56:35 Two-Man Saw
55:35 Elite Skirmisher
56:23 Thumb Ring
59:32 Masonry
64:38 Architecture
NevErXsTop
7:23 Loom
10:12 Feudal Age
10:41 Double-Bit Axe
15:45 Horse Collar
21:46 Castle Age
22:53 Bow Saw
23:57 Heavy Plow
28:39 Imperial Age
27:21 Wheelbarrow
29:49 Chemistry
29:42 Padded Archer Armor
29:06 Elite Skirmisher
29:39 Fletching
30:32 Hand Cart
35:50 Bodkin Arrow
38:30 Guilds
40:00 Light Cavalry
40:40 Husbandry
41:26 Scale Barding Armor
41:32 Forging
41:35 Scale Mail Armor
41:36 Padded Archer Armor
48:04 Chain Barding Armor
48:19 Iron Casting
49:01 Chain Mail Armor
53:41 Pikeman
54:24 Squires
57:44 Two-Man Saw
60:58 Town Watch
62:58 Plate Mail Armor
63:28 Blast Furnace
63:10 Man-at-Arms
65:47 Bracer
Cris'
7:02 Loom
9:44 Feudal Age
9:57 Man-at-Arms
23:16 Castle Age
22:19 Double-Bit Axe
22:37 Fletching
23:31 Padded Archer Armor
23:30 Crossbowman
murphykz2322
8:52 Loom
10:37 Feudal Age
12:24 Double-Bit Axe
15:02 Castle Age
15:58 Bow Saw
15:59 Forging
16:58 Horse Collar
25:38 Iron Casting
30:09 Wheelbarrow
30:47 Husbandry
31:21 Scale Barding Armor
31:28 Bloodlines
31:51 Stone Mining
31:54 Gold Mining
36:27 Imperial Age
35:22 Chain Barding Armor
36:36 Hand Cart
36:11 Light Cavalry
37:05 Fletching
37:53 Plate Barding Armor
38:35 Blast Furnace
37:32 Vendel Legacy
38:36 Conscription
37:44 Hussar
38:58 Town Watch
40:23 Elite Jarl
43:28 Heavy Plow
47:31 Fletching
48:31 Bodkin Arrow
49:47 Bracer
51:16 Coinage
52:08 Town Patrol
53:02 Ballistics
57:48 Banking
60:26 Chemistry
60:47 Siege Engineers
60:24 Treadmill Crane
60:54 Masonry
60:13 Capped Ram
61:27 Murder Holes
61:09 Siege Ram
63:16 Caravan
63:27 Guilds
jack3219178
5:18 Loom
11:40 Feudal Age
14:39 Double-Bit Axe
18:40 Castle Age
18:10 Horse Collar
20:03 Bow Saw
24:07 Stone Mining
26:07 Gold Mining
28:24 Fletching
28:36 Padded Archer Armor
29:59 Bodkin Arrow
31:31 Wheelbarrow
30:41 Town Watch
31:20 Leather Archer Armor
41:57 Imperial Age
44:09 Two-Man Saw
43:11 Heavy Plow
43:24 Scale Barding Armor
43:30 Forging
43:44 Hand Cart
45:23 Crop Rotation
46:13 Elite Skirmisher
46:59 Thumb Ring
51:44 Ring Archer Armor
54:17 Bracer
57:17 Chain Barding Armor
57:32 Iron Casting
57:18 Husbandry
58:26 Husbandry
58:36 Bloodlines
59:29 Plate Barding Armor
62:07 Paper Money
65:56 Murder Holes
67:02 Chemistry
大白
0:38 Loom
10:44 Feudal Age
17:29 Castle Age
16:28 Horse Collar
16:36 Double-Bit Axe
18:53 Squires
24:08 Husbandry
25:11 Fletching
25:58 Bloodlines
33:00 Bow Saw
34:35 Gold Mining
34:36 Stone Mining
38:21 Ballistics
39:18 Scale Barding Armor
41:45 Light Cavalry
44:43 Murder Holes
46:55 Forging
58:55 Iron Casting
58:41 Chain Barding Armor
60:39 Caravan
Connection lost

Rejoining the realm…

Still unreachable

The connection could not be restored.

Session expired

The server has moved on; the page needs a fresh start.